[Event "Team 45 45 League T46"]
[Site "Internet Chess Club"]
[Date "2010.08.14"]
[Round "2"]
[White "GiulioCre"]
[Black "kingsrook"]
[Result "1/2-1/2"]
[WhiteElo "1397"]
[BlackElo "1259"]
[Opening "King's Indian: East Indian defense"]
[ECO "A48"]
[Time "10:00:27"]
[TimeControl "2700+45"]

1. d4 Nf6 2. Nf3 g6 3. Nc3 d5 4. e3 Bg7 5. Bb5+ Bd7 6. Bxd7+ Nbxd7 7. O-O O-O 8.
Re1 c6 9. e4 dxe4 10. Nxe4 Nxe4 11. Rxe4 Nf6 12. Re2 Re8 13. c3 Qc7 14. Bg5 Rad8
15. Qd2 Bh8 16. Bf4 Qc8 17. Rae1 e6 18. Bg5 Qd7 19. Ne5 Qe7 20. Qf4 Bg7 21. Ng4
Nd5 22. Bxe7 Nxf4 23. Bxd8 Nxe2+ 24. Rxe2 Rxd8 25. b4 b5 26. g3 Kf8 27. Kg2 Ke7
28. Kf3 Rd5 29. Kf4 Rf5+ 30. Ke4 Kd6 31. Ne3 Rh5 32. f4 f5+ 33. Kd3 Rh3 34. c4
bxc4+ 35. Kxc4 a6 36. a4 Kc7 37. Kc5 Bf8+ 38. Kc4 Kd6 39. Nc2 Be7 40. Na3 Bd8
41. b5 axb5+ 42. axb5 cxb5+ 43. Nxb5+ Kd7 44. Kc5 Be7+ 45. Kb6 Bd8+ 46. Kb7 Ba5
47. Ka6 Bd8 48. Nc3 Kd6 49. Kb5 Bf6 50. Kc4 h5 51. Nb5+ Kd7 {Game drawn by
mutual agreement} 1/2-1/2

[Event "Team 45 45 League T46"]
[Site "Internet Chess Club"]
[Date "2010.08.15"]
[Round "2"]
[White "MateIn42"]
[Black "Whalen"]
[Result "0-1"]
[WhiteElo "1426"]
[BlackElo "1546"]
[Opening "French defense"]
[ECO "C00"]
[Time "11:00:37"]
[TimeControl "2700+45"]

1. e4 e6 2. g3 d5 3. Bg2 dxe4 4. Nc3 Nf6 5. Nxe4 Nbd7 6. d4 Nxe4 7. Bxe4 Be7 8.
Ne2 Nf6 9. Bg2 O-O 10. O-O Rb8 11. b3 b6 12. Bb2 Bb7 13. Bxb7 Rxb7 14. Nf4 c5
15. Qf3 Rd7 16. dxc5 Bxc5 17. Nd3 Bd4 18. Rad1 Qc7 19. Bxd4 Rxd4 20. Nf4 Rxd1
21. Qxd1 Rd8 22. Nd3 Ne4 23. Qc1 Nc3 24. Qb2 Ne2+ 25. Kg2 Qc6+ 26. f3 h5 27. Re1
Nd4 28. Ne5 Qc7 29. c3 Nf5 30. Qc1 f6 31. Nc4 Kf7 32. Rd1 Rc8 33. Qd2 Ke7 34.
Ne3 Nxe3+ 35. Qxe3 Qxc3 36. Qxc3 Rxc3 37. Rd2 e5 38. Re2 Ke6 39. f4 g5 40. fxe5
fxe5 41. h4 g4 42. Rd2 e4 43. Kf1 Rxg3 44. Re2 Ke5 45. Kf2 Rf3+ 46. Kg2 Kf4 47.
b4 b5 48. Rd2 Rd3 49. Rf2+ Rf3 50. Rd2 Ra3 51. Rf2+ Ke5 52. Rc2 Kd4 53. Rc5
Rxa2+ 54. Kf1 g3 55. Rxh5 a6 56. Rg5 Rh2 57. h5 Kc4 58. Rxg3 Rxh5 59. Rg6 Kxb4
60. Rxa6 Re5 61. Ke2 Kb3 62. Rd6 b4 63. Ke3 Kb2 64. Rb6 b3 65. Rb4 Kc3 {White
resigns} 0-1

[Event "Team 45 45 League T46"]
[Site "Internet Chess Club"]
[Date "2010.08.16"]
[Round "2"]
[White "stputte"]
[Black "UsuallySleepy"]
[Result "0-1"]
[WhiteElo "1427"]
[BlackElo "1799"]
[Opening "KGD: classical variation"]
[ECO "C30"]
[Time "07:01:11"]
[TimeControl "2700+45"]

1. e4 e5 2. f4 Bc5 3. Nf3 d6 4. Bc4 Nc6 5. Nc3 Bg4 6. Na4 Bb6 7. Nxb6 axb6 8.
O-O Nf6 9. h3 Bxf3 10. Qxf3 O-O 11. c3 Na5 12. Be2 Qe7 13. f5 Nb3 14. Rb1 Rxa2
15. Bc4 Nxc1 16. Bxa2 Nxa2 17. Ra1 Ra8 18. Qd3 d5 19. b4 Qd7 20. Rfb1 Ra6 21.
Qc2 Nxe4 22. Rxa2 Qxf5 23. Rf1 Qg6 24. Rxa6 bxa6 25. Qa4 b5 26. Qc2 h6 27. Qd3
Qe6 28. Qe3 Qg6 29. d3 Nxc3 30. Qxe5 Qxd3 31. Qe8+ Kh7 32. Qxf7 Ne2+ 33. Kh2
Qg3+ 34. Kh1 Qg5 35. Kh2 Qe5+ 36. g3 Qxg3+ 37. Kh1 Qxh3# {White checkmated} 0-1

[Event "Team 45 45 League T46"]
[Site "Internet Chess Club"]
[Date "2010.08.14"]
[Round "2"]
[White "PsyMar"]
[Black "dabodhi"]
[Result "0-1"]
[WhiteElo "1214"]
[BlackElo "1233"]
[Opening "Sicilian: Hungarian variation"]
[ECO "B27"]
[Time "12:00:11"]
[TimeControl "2700+45"]

1. e4 c5 2. Nf3 g6 3. d4 cxd4 4. Qxd4 Nf6 5. Qa4 Bg7 6. Bd3 Nc6 7. Be3 Ng4 8.
Bd4 Nxd4 9. Nxd4 Qb6 10. c3 Qxb2 11. O-O Bxd4 12. Qxd4 O-O 13. Bc4 Qxa1 14. Nd2
Qb2 15. Rb1 Qa3 16. e5 {White resigns} 0-1

[Event "Team 45 45 League T46"]
[Site "Internet Chess Club"]
[Date "2010.08.16"]
[Round "2"]
[White "randallsr"]
[Black "az2112"]
[Result "1/2-1/2"]
[WhiteElo "1726"]
[BlackElo "1754"]
[Opening "English opening"]
[ECO "A30"]
[Time "21:44:19"]
[TimeControl "2700+45"]

1. Nf3 Nf6 2. c4 c5 3. b3 g6 4. Bb2 Bg7 5. g3 O-O 6. Bg2 Nc6 7. d3 d6 8. O-O Bd7
9. Nbd2 e5 10. a3 Rb8 11. Rb1 a6 12. a4 b5 13. axb5 axb5 14. Ng5 Nb4 15. Bc3 Bc6
16. Bxb4 Bxg2 17. Kxg2 cxb4 18. Qc2 Nd7 19. Ngf3 Nc5 20. Ne4 Nxe4 21. dxe4 Qb6
22. Rfd1 Qc5 23. Rd5 Qc6 24. Qd3 bxc4 25. bxc4 Rfc8 26. Nd2 Rb6 27. Rb5 Rxb5 28.
cxb5 Qc5 29. Qb3 Qxb5 30. Qxb4 Qxb4 31. Rxb4 Rc2 32. Nc4 Bf8 33. Ra4 Rxe2 34.
Kf3 Rc2 35. Nb6 d5 36. Nxd5 Bc5 {Game drawn by mutual agreement} 1/2-1/2

[Event "Team 45 45 League T46"]
[Site "Internet Chess Club"]
[Date "2010.08.16"]
[Round "2"]
[White "JABalin"]
[Black "Giacometti"]
[Result "1-0"]
[WhiteElo "1804"]
[BlackElo "1748"]
[Opening "Caro-Kann: advance variation"]
[ECO "B12"]
[Time "20:00:40"]
[TimeControl "2700+45"]

1. e4 c6 2. d4 d5 3. e5 c5 4. dxc5 e6 5. Be3 Nd7 6. Bb5 a6 7. Bxd7+ Bxd7 8. Nf3
Qa5+ 9. Qd2 Qc7 10. b4 Ne7 11. O-O Nf5 12. Nc3 Nxe3 13. Qxe3 Be7 14. Nd4 b6 15.
cxb6 Qxb6 16. a3 Rc8 17. Nce2 O-O 18. Nf5 Qxe3 19. Nxe7+ {Black resigns} 1-0

[Event "Team 45 45 League T46"]
[Site "Internet Chess Club"]
[Date "2010.08.14"]
[Round "2"]
[White "badmove"]
[Black "P-K4"]
[Result "1/2-1/2"]
[WhiteElo "1691"]
[BlackElo "1425"]
[Opening "Bird's opening"]
[ECO "A02"]
[Time "16:05:36"]
[TimeControl "2700+45"]

1. f4 g6 2. Nf3 d5 3. e3 Bg7 4. Be2 Nh6 5. O-O O-O 6. d3 b6 7. Qe1 Bb7 8. Bd1 c5
9. Na3 a6 10. c3 Nc6 11. e4 dxe4 12. dxe4 Ng4 13. Ng5 Nf6 14. f5 h6 15. Nf3 gxf5
16. exf5 b5 17. Qh4 h5 18. Ng5 Ne5 19. Bxh5 Qd5 20. Bf3 Nxf3+ 21. Nxf3 Qxf5 22.
Bf4 Rfe8 23. Rae1 Nd5 24. Bh6 Bf6 25. Bg5 Qg6 26. Bxf6 Nxf6 27. Re5 Qh7 28. Rg5+
Kh8 29. Qxh7+ Kxh7 30. Rxc5 Rad8 31. Nc2 Bxf3 32. Rxf3 Rd2 33. Rf2 Rxf2 34. Kxf2
Ne4+ 35. Kf3 Nxc5 36. Nb4 Rd8 37. Nc6 Rd2 38. b4 Na4 39. Nb8 Rxa2 40. Nxa6 Nxc3
41. Nc5 Nd5 42. Nd3 Ra4 43. Ke4 Nxb4 44. Nc5 Ra8 45. Kd4 Nc2+ 46. Kc3 Ne3 47. g3
Rb8 48. Kb4 Nd5+ 49. Kb3 b4 50. Nd7 Rb7 51. Ne5 f6 52. Nf3 e5 53. Nh4 e4 54. Nf5
e3 55. Nd4 Ne7 56. Kc2 Kg6 57. Nb3 Nf5 58. Kd3 Kg5 59. h3 Nxg3 60. Kxe3 Kh4 61.
Kf4 Kxh3 62. Kf3 f5 63. Kf2 Rb5 64. Ke3 Kg4 65. Nd4 Rb8 66. Nc6 Rb6 67. Ne5+ Kh3
68. Nd3 b3 69. Nb2 Kg4 70. Kf2 f4 71. Kg2 Ne4 72. Kh2 f3 73. Nc4 Rb8 74. Na3 f2
75. Nc4 f1=Q 76. Ne3+ Kf3 77. Nxf1 b2 78. Kg1 b1=Q 79. Kh2 Qxf1 {White
stalemated} 1/2-1/2

[Event "Team 45 45 League T46"]
[Site "Internet Chess Club"]
[Date "2010.08.14"]
[Round "2"]
[White "Oscar"]
[Black "medsurg"]
[Result "1-0"]
[WhiteElo "1539"]
[BlackElo "1319"]
[Opening "Queen's pawn game"]
[ECO "D05"]
[Time "22:00:17"]
[TimeControl "2700+45"]

1. d4 d5 2. Nf3 Nf6 3. e3 e6 4. Bd3 Bb4+ 5. Bd2 Qe7 6. O-O O-O 7. a3 Bxd2 8.
Nbxd2 b6 9. Qe2 Nbd7 10. e4 dxe4 11. Nxe4 Bb7 12. Ng3 Rfe8 13. Rfe1 c5 14. Nf5
Qf8 15. Ng3 Qd6 16. Rad1 Qc7 17. c3 cxd4 18. Nxd4 Nc5 19. Bc2 Rad8 20. f3 Bd5
21. c4 Ba8 22. Nb5 Qb8 23. b4 Rxd1 24. Rxd1 Nb7 25. Ne4 Nxe4 26. Qxe4 Nd6 27.
Qxh7+ Kf8 28. Rxd6 {Black resigns} 1-0

[Event "Team 45 45 League T46"]
[Site "Internet Chess Club"]
[Date "2010.08.15"]
[Round "2"]
[White "check-man"]
[Black "Grenadier"]
[Result "1-0"]
[WhiteElo "1609"]
[BlackElo "1722"]
[Opening "English: Caro-Kann defensive system"]
[ECO "A11"]
[Time "20:00:26"]
[TimeControl "2700+45"]

1. c4 c6 2. g3 d5 3. d4 Nf6 4. Bg2 Bf5 5. cxd5 cxd5 6. Qb3 b6 7. Nc3 e6 8. Nf3
Nc6 9. Qa4 Qd7 10. O-O Bd6 11. Nb5 Be7 12. Ne5 Nxe5 13. dxe5 Ng4 14. e4 dxe4 15.
Rd1 Qb7 16. Nd6+ {Black resigns} 1-0

[Event "Team 45 45 League T46"]
[Site "Internet Chess Club"]
[Date "2010.08.15"]
[Round "2"]
[White "GoIrish"]
[Black "mmf00"]
[Result "1/2-1/2"]
[WhiteElo "1580"]
[BlackElo "1581"]
[Opening "Réti: King's Indian attack"]
[ECO "A05"]
[Time "21:04:11"]
[TimeControl "2700+45"]

1. Nf3 Nf6 2. g3 g6 3. Bg2 Bg7 4. O-O O-O 5. d3 d6 6. e4 c5 7. Re1 Nc6 8. Nc3
Bg4 9. h3 Be6 10. Bf4 d5 11. exd5 Nxd5 12. Bd2 Nxc3 13. Bxc3 Bxc3 14. bxc3 Rc8
15. Qd2 Kg7 16. Ng5 Bd5 17. Ne4 b6 18. Re2 Qd7 19. h4 Rfd8 20. Kh2 c4 21. Bh3 e6
22. d4 h6 23. f3 f5 24. Nf2 Bxf3 25. Re3 Bd5 26. Rae1 Qd6 27. Bg2 Bxg2 28. Kxg2
e5 29. Nh3 exd4 30. Re6 Qd5+ 31. Kh2 dxc3 32. Qxc3+ Qd4 33. Qf3 Qd5 34. Qxd5
Rxd5 35. Nf4 Rd2+ 36. Kh3 Rxc2 37. Rxg6+ Kf7 38. Ree6 Ne7 39. Rxh6 Rc7 40. Rh7+
Kf8 41. Ng6+ Ke8 42. Nxe7 Kd8 43. Nc6+ Kc8 44. Re8+ Kb7 45. Nd8+ Kb8 46. Ne6+
Rc8 47. Ree7 Rg8 48. Rb7+ Ka8 49. Rxa7+ Kb8 50. Rhb7+ Kc8 51. Rc7+ Kb8 52. Rab7+
Ka8 53. Rxb6 Rc3 54. Rg7 Rxg7 55. Nxg7 f4 56. Kg2 Rxg3+ 57. Kf2 Rxg7 58. Kf3 Rf7
59. Rc6 Rh7 60. Rxc4 Rxh4 61. Rxf4 Rxf4+ 62. Kxf4 Kb7 63. Ke4 Ka6 64. Kd3 Ka5
65. Kc3 Ka4 66. Kb2 Kb4 67. a3+ Ka4 68. Ka2 Ka5 69. Kb3 Kb5 70. a4+ Ka5 71. Ka3
Ka6 72. Kb4 Kb6 73. a5+ Ka6 74. Ka4 Ka7 75. Kb5 Kb7 76. a6+ Ka7 77. Ka5 Ka8 78.
Kb6 Kb8 79. a7+ Ka8 80. Ka6 {Black stalemated} 1/2-1/2

[Event "Team 45 45 League T46"]
[Site "Internet Chess Club"]
[Date "2010.08.15"]
[Round "2"]
[White "Zappy"]
[Black "Esslinger"]
[Result "1-0"]
[WhiteElo "1197"]
[BlackElo "1420"]
[Opening "French: advance, Steinitz variation"]
[ECO "C02"]
[Time "19:19:44"]
[TimeControl "2700+45"]

1. e4 d5 2. e5 e6 3. d4 c5 4. dxc5 Bxc5 5. c4 Ne7 6. Nc3 O-O 7. cxd5 Nxd5 8.
Nxd5 Qa5+ 9. Nc3 Qb6 10. Qc2 Rd8 11. Nf3 Na6 12. Bd3 g6 13. a3 Bd7 14. O-O Bc6
15. b4 Bxb4 16. Rb1 Bxf3 17. gxf3 Rac8 18. axb4 Nxb4 19. Qa4 a5 20. Na2 Rxd3
{Black resigns} 1-0

[Event "Team 45 45 League T46"]
[Site "Internet Chess Club"]
[Date "2010.08.14"]
[Round "2"]
[White "Monsoon-Smith"]
[Black "theophilus"]
[Result "0-1"]
[WhiteElo "2115"]
[BlackElo "2233"]
[Opening "QGD: Tarrasch, Prague variation, 9.Bg5"]
[ECO "D34"]
[Time "09:02:10"]
[TimeControl "2700+45"]

1. d4 e6 2. c4 d5 3. Nc3 c5 4. cxd5 exd5 5. Nf3 Nc6 6. g3 Nf6 7. Bg2 Be7 8. O-O
O-O 9. Bg5 c4 10. Ne5 Be6 11. Rc1 Rc8 12. e3 h6 13. Bxf6 Bxf6 14. f4 Ne7 15. g4
Rb8 16. Qf3 b5 17. f5 Bc8 18. Qg3 Bb7 19. h4 b4 20. Ne2 Nc6 21. Nf3 Be7 22. g5
hxg5 23. hxg5 Bd6 24. Nf4 Ne7 25. Qh3 Bxf4 26. exf4 Bc8 27. g6 fxg6 28. Ng5 Rxf5
29. Qh7+ Kf8 30. Rce1 Rb6 31. Rxe7 Kxe7 32. Qxg7+ Kd6 33. Nf7+ Rxf7 34. Qxf7 Be6
35. Qxg6 Qg8 36. Qh6 Kd7 37. f5 Bxf5 38. Qh5 Be4 39. Rf7+ Kd8 40. Qh4+ Kc8 41.
Qf2 Qxg2+ 42. Qxg2 Bxg2 43. Kxg2 Ra6 44. a3 bxa3 45. bxa3 Rxa3 46. Kf2 Rd3 47.
Rxa7 Rxd4 48. Ke3 Rd3+ 49. Ke2 d4 50. Re7 Rh3 51. Re4 d3+ 52. Kd2 Rh2+ 53. Kc3
Rc2+ 54. Kb4 d2 55. Rd4 c3 {White resigns} 0-1

[Event "Team 45 45 League T46"]
[Site "Internet Chess Club"]
[Date "2010.08.16"]
[Round "2"]
[White "chess92192"]
[Black "Freitac"]
[Result "1-0"]
[WhiteElo "2105"]
[BlackElo "1925"]
[Opening "Grünfeld: modern exchange variation"]
[ECO "D85"]
[Time "14:00:04"]
[TimeControl "2700+45"]

1. d4 Nf6 2. c4 g6 3. Nc3 d5 4. cxd5 Nxd5 5. e4 Nxc3 6. bxc3 Bg7 7. Nf3 c5 8.
Bb5+ Nd7 9. O-O O-O 10. Rb1 Qc7 11. Be3 Nf6 12. Qd3 a6 13. Ba4 c4 14. Qe2 Nxe4
15. Rfc1 Bf5 16. Rb2 Qa5 17. Bd1 b5 18. Qe1 Qa3 19. Re2 Nf6 20. Bc2 Bxc2 21.
Rcxc2 Nd5 22. Bc1 Qd6 23. h4 e6 24. Ng5 Nf4 25. Bxf4 Qxf4 26. g3 Qd6 27. Kg2
Qd5+ 28. f3 Rab8 29. Nh3 a5 30. Nf4 Qc6 31. a3 Qd6 32. Nh3 Rfc8 33. Nf2 b4 34.
axb4 axb4 35. Ne4 Qb6 36. cxb4 Bxd4 37. Qd2 Bg7 38. Qf4 e5 39. Qg5 f6 40. Qd2
Rd8 41. Qc1 f5 42. Nc5 Bf8 43. Rxc4 Bxc5 44. Rxc5 Qxb4 45. Rcxe5 Qc5 46. Qxc5
{Black resigns} 1-0

[Event "Team 45 45 League T46"]
[Site "Internet Chess Club"]
[Date "2010.08.15"]
[Round "2"]
[White "Uragon-bocho"]
[Black "hewdondada"]
[Result "0-1"]
[WhiteElo "2026"]
[BlackElo "1846"]
[Opening "Scandinavian (center counter) defense"]
[ECO "B01"]
[Time "06:01:13"]
[TimeControl "2700+45"]

1. e4 d5 2. exd5 Qxd5 3. Nf3 Nf6 4. Nc3 Qa5 5. d3 c6 6. Bd2 Qc7 7. g3 Bg4 8. Bg2
e6 9. O-O Bd6 10. Re1 Nbd7 11. Ne4 Nxe4 12. Rxe4 Nf6 13. Re1 O-O 14. Bc3 Nd5 15.
Bd2 Rae8 16. c4 Nf6 17. Bc3 e5 18. b4 c5 19. Qa4 Bd7 20. Qb3 b6 21. a3 Bc6 22.
Qb2 Nd7 23. a4 f6 24. a5 cxb4 25. Bxb4 Bxb4 26. Qxb4 Nc5 27. axb6 axb6 28. Qc3
Rd8 29. Rad1 Ne6 30. Bh3 Nd4 31. Nxd4 Rxd4 32. Qb3 Kh8 33. Rb1 Rb8 34. Bg2 Bxg2
35. Kxg2 Qc6+ 36. Kg1 h6 37. Re3 Qd6 38. Qb5 Rxd3 39. Rxd3 Qxd3 40. c5 Qxb5 41.
Rxb5 Kg8 42. Rxb6 Rc8 43. c6 Kf7 44. Rb7+ Kf8 45. Rb6 Rc7 46. Kg2 Ke7 47. Kf3
Kd6 48. Rb7 Kxc6 49. Rxc7+ Kxc7 50. Kg4 g6 51. h4 Kd6 52. h5 f5+ 53. Kf3 g5 54.
Ke3 Kd5 55. Kd3 f4 56. gxf4 exf4 57. f3 Ke5 58. Ke2 Kf5 59. Kf2 g4 60. fxg4+
Kxg4 61. Kg2 Kxh5 62. Kf3 Kg5 63. Kg2 Kg4 64. Kf2 h5 65. Kg2 h4 66. Kf2 f3 67.
Kg1 Kg3 68. Kh1 Kf2 {White resigns} 0-1

[Event "Team 45 45 League T46"]
[Site "Internet Chess Club"]
[Date "2010.08.17"]
[Round "2"]
[White "RD1974"]
[Black "AntonioMendonca"]
[Result "0-1"]
[WhiteElo "1823"]
[BlackElo "1589"]
[Opening "French: King's Indian attack"]
[ECO "C00"]
[Time "17:14:21"]
[TimeControl "2700+45"]

1. e4 e6 2. d3 d5 3. Nd2 c5 4. Ngf3 Nc6 5. c3 Nf6 6. a4 Be7 7. Be2 O-O 8. O-O
Qc7 9. Re1 b6 10. Bf1 Bb7 11. Qe2 Rad8 12. b3 Rd7 13. Bb2 Rfd8 14. e5 Ne8 15.
Rac1 Qb8 16. Qe3 Bf8 17. Ng5 d4 18. Qh3 h6 19. Ndf3 dxc3 20. Bxc3 Ne7 21. Nxe6
fxe6 22. Qxe6+ Kh7 23. d4 Bxf3 24. Bd3+ Kh8 25. gxf3 Nc7 26. Qg4 cxd4 27. Qe4 g6
28. Bb4 Nf5 29. Bxf8 Rxf8 30. e6 Re7 31. Qe5+ Kh7 32. Bxf5 Rxf5 33. Qd6 Rg7 34.
e7 Rd5 35. Qxc7 Qe8 36. Qxa7 Rd7 37. Qxb6 Rgxe7 38. Kf1 d3 39. Rxe7+ Qxe7 40.
Qe3 Qb4 41. Qe6 Re7 42. Qc4 Qd6 43. Kg2 d2 44. Rd1 Re1 45. Qc2 Re2 46. Kf1 Re7
47. Kg2 Re2 48. Qc3 Qb6 49. Rf1 d1=Q 50. Rxd1 Qxf2+ 51. Kh3 Qg2+ 52. Kh4 g5+ 53.
Kh5 Qh3# {White checkmated} 0-1

[Event "Team 45 45 League T46"]
[Site "Internet Chess Club"]
[Date "2010.08.14"]
[Round "2"]
[White "eurander"]
[Black "Terte"]
[Result "1/2-1/2"]
[WhiteElo "2212"]
[BlackElo "2023"]
[Opening "Sicilian: Alapin's variation (2.c3)"]
[ECO "B22"]
[Time "03:13:21"]
[TimeControl "2700+45"]

1. e4 c5 2. c3 g6 3. d4 cxd4 4. cxd4 Bg7 5. Nf3 d5 6. exd5 Nf6 7. Qa4+ Nbd7 8.
d6 O-O 9. Be2 Nb6 10. Qa3 exd6 11. O-O Re8 12. Nc3 Nbd5 13. Bb5 Bd7 14. Qb3 Nxc3
15. bxc3 Rc8 16. Bg5 Bxb5 17. Qxb5 Qc7 18. Bxf6 Bxf6 19. Rfc1 a6 20. Qb3 b5 21.
a4 Qc4 22. Qxc4 Rxc4 23. axb5 axb5 24. Rab1 Rec8 25. Rxb5 Bxd4 26. Nxd4 Rxd4 27.
Kf1 Rdc4 28. Rd5 {Game drawn by mutual agreement} 1/2-1/2

[Event "Team 45 45 League T46"]
[Site "Internet Chess Club"]
[Date "2010.08.17"]
[Round "2"]
[White "BadHabitMarco"]
[Black "pestka"]
[Result "0-1"]
[WhiteElo "1953"]
[BlackElo "2246"]
[Opening "Sicilian: Labourdonnais-Löwenthal (Kalashnikov) variation"]
[ECO "B32"]
[Time "09:08:59"]
[TimeControl "2700+45"]

1. e4 c5 2. Nf3 Nc6 3. d4 cxd4 4. Nxd4 e5 5. Nb5 d6 6. N1c3 a6 7. Na3 Be6 8. Nc4
Rb8 9. Ne3 Nf6 10. Bd3 Be7 11. O-O O-O 12. Kh1 Rc8 13. a3 Nd7 14. f4 exf4 15.
Nf5 Nde5 16. Nxe7+ Nxe7 17. Bxf4 Nxd3 18. Qxd3 Bc4 19. Qd4 Bxf1 20. Rxf1 Rc6 21.
Rd1 Qd7 22. Qd2 Rd8 23. h3 Qe6 24. Re1 Ng6 25. Be3 Re8 26. Nd5 Qc8 27. Re2 Rxe4
28. Nb4 Rc7 29. Nd5 Rc6 30. Nb4 Rcc4 31. b3 Rxb4 32. axb4 Qe6 33. Re1 Ne7 34. c4
Nf5 35. Bf2 Rxe1+ 36. Bxe1 Qe4 37. Bf2 h5 38. Qg5 g6 39. Qc1 Kg7 40. Qb2+ Kg8
41. Qc1 Qd3 42. Qb2 h4 43. Kh2 Qe4 44. Qd2 Kg7 45. Qd1 Qf4+ 46. Kg1 Qe4 47. Kh2
Kf6 48. Bb6 Ke6 49. Bf2 Qe5+ 50. Kg1 Qe4 51. Kh2 g5 52. Kg1 Ng3 53. Qd2 f6 54.
Qd1 Ne2+ 55. Kh1 Nf4 56. Qg4+ Kf7 57. Kh2 Qe2 58. Qd7+ Kg6 59. Qxb7 Qxf2 60.
Qe4+ Kh6 61. Qa8 d5 62. Qh8+ Kg6 63. Qg8+ Kf5 64. Qh7+ Ke6 65. cxd5+ Kd6 66. Qe4
Qxg2+ 67. Qxg2 Nxg2 68. Kxg2 Kxd5 69. Kf3 f5 70. Ke3 g4 {White resigns} 0-1

[Event "Team 45 45 League T46"]
[Site "Internet Chess Club"]
[Date "2010.08.16"]
[Round "2"]
[White "azbycx"]
[Black "poni"]
[Result "1-0"]
[WhiteElo "1879"]
[BlackElo "1941"]
[Opening "Old Indian: Tartakower (Wade) variation"]
[ECO "A41"]
[Time "13:00:14"]
[TimeControl "2700+45"]

1. d4 d6 2. Nf3 Bg4 3. c4 Nd7 4. Qb3 Rb8 5. g3 g6 6. Bg2 Bg7 7. Be3 c5 8. Nbd2
Nh6 9. Rd1 Nf5 10. h3 cxd4 11. hxg4 dxe3 12. gxf5 exd2+ 13. Rxd2 Qa5 14. fxg6
hxg6 15. Rxh8+ Bxh8 16. a3 b5 17. Kf1 bxc4 18. Qxc4 Bxb2 19. Bh3 Ne5 20. Rxb2
Rxb2 21. Nxe5 dxe5 22. Qc8+ Qd8 23. Bd7+ {Black resigns} 1-0

[Event "Team 45 45 League T46"]
[Site "Internet Chess Club"]
[Date "2010.08.15"]
[Round "2"]
[White "koni"]
[Black "vollmerj"]
[Result "1-0"]
[WhiteElo "1848"]
[BlackElo "1683"]
[Opening "Dutch: Leningrad, main variation with c6"]
[ECO "A88"]
[Time "06:03:36"]
[TimeControl "2700+45"]

1. Nf3 f5 2. c4 d6 3. d4 Nf6 4. g3 g6 5. Bg2 Bg7 6. Nc3 O-O 7. O-O c6 8. Rb1 e6
9. Qc2 d5 10. c5 Ne4 11. b4 Nd7 12. e3 e5 13. dxe5 Nxe5 14. Nxe5 Bxe5 15. Bb2
Qf6 16. Ne2 Bxb2 17. Rxb2 Ng5 18. a4 Ne6 19. Rd1 a6 20. h3 Rd8 21. Nd4 Nxd4 22.
Rxd4 Bd7 23. Kh2 Re8 24. Rb3 Re7 25. Qb1 Rae8 26. b5 axb5 27. axb5 Qf8 28. bxc6
bxc6 29. Rb7 Be6 30. Qb6 Rxb7 31. Qxb7 Qxc5 32. Ra4 Qb5 33. Qxb5 cxb5 34. Ra6 b4
35. Rb6 b3 36. Rxe6 Rxe6 37. Bxd5 Kf7 38. Bxb3 Ke7 39. Bxe6 Kxe6 40. Kg2 Kd5 41.
Kf3 g5 42. g4 Ke5 43. gxf5 Kxf5 44. Kg3 h5 45. f3 Ke5 46. h4 Kf5 47. e4+ Kf6 48.
hxg5+ Kxg5 49. f4+ {Black resigns} 1-0

[Event "Team 45 45 League T46"]
[Site "Internet Chess Club"]
[Date "2010.08.15"]
[Round "2"]
[White "JWB"]
[Black "slowdown"]
[Result "1/2-1/2"]
[WhiteElo "1693"]
[BlackElo "1637"]
[Opening "English: four knights, kingside fianchetto"]
[ECO "A29"]
[Time "15:00:15"]
[TimeControl "2700+45"]

1. c4 e5 2. Nc3 Nf6 3. Nf3 Nc6 4. g3 Bb4 5. Bg2 O-O 6. O-O Bxc3 7. dxc3 d6 8.
Ne1 Be6 9. b3 Qd7 10. Bg5 Ne8 11. Nc2 h6 12. Bc1 Bh3 13. Ne3 Bxg2 14. Kxg2 Ne7
15. Nd5 Ng6 16. e4 c6 17. Ne3 Nc7 18. Qh5 Rfe8 19. Nf5 Re6 20. Be3 Ne8 21. Rad1
Nf6 22. Qf3 Qc7 23. Rd2 Rd8 24. Rfd1 d5 25. cxd5 cxd5 26. exd5 e4 27. Qe2 Re5
28. d6 Qd7 29. Ne7+ Kh7 30. Qc4 Re6 31. Bxa7 Ne8 32. Bb6 Ra8 33. Nxg6 Kxg6 34.
Bc7 e3 35. fxe3 Rxe3 36. Re2 Rxe2+ 37. Qxe2 Nxc7 38. dxc7 Qxc7 39. Qe4+ f5 40.
Qe6+ Kh7 41. Qxf5+ Kh8 42. Qc2 Qc6+ 43. Kg1 Qf3 44. Rf1 Qe3+ 45. Kg2 Rd8 46. Rf2
Kg8 47. Re2 Qg5 48. c4 Qc5 49. Qe4 Qc7 50. Qe6+ Kh8 51. Qe7 Rd7 52. Qe8+ Kh7 53.
Qe4+ Kh8 54. Qe8+ Kh7 {Game drawn by mutual agreement} 1/2-1/2

[Event "Team 45 45 League T46"]
[Site "Internet Chess Club"]
[Date "2010.08.16"]
[Round "2"]
[White "ILRE"]
[Black "BenjaminSisko"]
[Result "0-1"]
[WhiteElo "1477"]
[BlackElo "1580"]
[Opening "Sicilian: closed, 6.Be3"]
[ECO "B26"]
[Time "20:07:18"]
[TimeControl "2700+45"]

1. e4 c5 2. Nc3 g6 3. g3 Bg7 4. Bg2 Nc6 5. d3 d6 6. Be3 Nf6 7. h3 O-O 8. f4 Nd4
9. Nf3 Ne8 10. O-O f5 11. exf5 Nxf5 12. Bf2 e6 13. Re1 Rb8 14. Rb1 b5 15. Ng5
Nc7 16. a3 a5 17. Ne2 Re8 18. g4 Nd4 19. Nxd4 cxd4 20. Ne4 Bb7 21. Qd2 Nd5 22.
Ng5 e5 23. fxe5 dxe5 24. Ne4 Nf4 25. Bf1 Bh6 26. Qd1 Rf8 27. Bg3 Qe7 28. c3 Rbd8
29. Qb3+ Qf7 30. Qxf7+ Rxf7 31. Bh4 g5 32. Bxg5 Bxg5 33. Nxg5 Re7 34. cxd4 Rxd4
35. Rbd1 h6 36. Ne4 b4 37. axb4 axb4 38. Re3 Ba6 39. Nc5 Bb5 40. Kh2 Kg7 41. Ne4
Re8 42. Ng3 Rdd8 43. Nf5+ Kg6 44. Nh4+ Kg5 45. Nf3+ Kf6 46. Kg3 Ng6 47. Re4 Ba4
48. Ra1 Bc2 49. Ra6+ Re6 50. Rxe6+ Kxe6 51. Rxb4 Bxd3 52. Rb6+ Kf7 53. Bxd3 Rxd3
54. Kf2 e4 55. Rxg6 Rxf3+ 56. Ke2 Kxg6 {White resigns} 0-1

[Event "Team 45 45 League T46"]
[Site "Internet Chess Club"]
[Date "2010.08.14"]
[Round "2"]
[White "rayngrant"]
[Black "BrandonBee"]
[Result "1-0"]
[WhiteElo "1569"]
[BlackElo "1530"]
[Opening "Sicilian: Kan, 5.Nc3"]
[ECO "B43"]
[Time "12:02:05"]
[TimeControl "2700+45"]

1. e4 c5 2. Nf3 e6 3. d4 cxd4 4. Nxd4 a6 5. Nc3 b5 6. a3 Bb7 7. Be2 Qb6 8. Be3
Bc5 9. Bf3 Qc7 10. O-O Qe5 11. Qd2 Nf6 12. Rad1 Qc7 13. Nb3 Be7 14. Bf4 e5 15.
Bg5 h6 16. Bxf6 gxf6 17. Nd5 Qd6 18. Nxe7 Qxd2 19. Rxd2 Kxe7 20. Rfd1 Rd8 21.
Nc5 Bc6 22. Rd6 a5 23. Bg4 Ra7 24. f3 Rc7 25. b4 a4 26. Kf2 Rg8 27. g3 Rg5 28.
h4 Rg8 29. Bf5 h5 30. g4 hxg4 31. fxg4 Rd8 32. h5 Bb7 33. Nxb7 Rxb7 34. R1d2 Nc6
35. R6d3 Nd4 36. Kg3 d5 37. exd5 Rxd5 38. Be4 Rdd7 39. Bxb7 Rxb7 40. Rc3 Ke6 41.
Rc8 Rd7 42. Kf2 f5 43. gxf5+ Kxf5 44. c3 {Black resigns} 1-0

[Event "Team 45 45 League T46"]
[Site "Internet Chess Club"]
[Date "2010.08.15"]
[Round "2"]
[White "blizzard13"]
[Black "peterdiplaros"]
[Result "0-1"]
[WhiteElo "1364"]
[BlackElo "1472"]
[Opening "Sicilian: closed"]
[ECO "B23"]
[Time "15:17:23"]
[TimeControl "2700+45"]

1. e4 c5 2. Nc3 d6 3. f4 Nc6 4. Nf3 g6 5. Bc4 e6 6. O-O Bg7 7. d3 Nge7 8. Qe1 a6
9. a4 O-O 10. Nh4 Nd4 11. Qf2 Ndc6 12. f5 exf5 13. exf5 Nxf5 14. Nxf5 Bxf5 15.
Kh1 Ne5 16. Bd5 Rb8 17. Bf4 Ng4 18. Qg3 Ne5 19. Rae1 Re8 20. Bxe5 dxe5 21. h4 b5
22. Be4 Bxe4 23. Rxe4 b4 24. Qf3 f5 25. Rc4 bxc3 26. bxc3 e4 27. dxe4 Qxh4+ 28.
Kg1 Rxe4 29. Rxc5 Qe7 30. Qf2 Re3 31. Qd2 Qxc5 32. Kh1 Bxc3 33. Qd7 Re1 34. Rxe1
Bxe1 35. Qe6+ Kg7 36. Qxe1 Rc8 37. Qe6 Rc7 38. Qxa6 Qxc2 39. Qb6 Qd1+ 40. Kh2
Qh5+ 41. Kg1 Rc1+ 42. Kf2 Qh4+ 43. Kf3 Qe4+ 44. Kg3 Rc3+ 45. Kh2 Qf4+ {White
resigns} 0-1